 Dungeon Crawl Stone Soup version 0.26-a0-683-g5206c1d7ac (webtiles) character file.

Game seed: 12617678425451176351

4106 grandjackal the Cardsharp (level 10, -3/79 HPs)
             Began as a Demonspawn Monk on Oct 22, 2020.
             Was a High Priest of Nemelex Xobeh.
             Slain by a boulder beetle (19 damage)
             ... on level 10 of the Dungeon.
             The game lasted 00:13:13 (11772 turns).

grandjackal the Cardsharp (Demonspawn Monk)        Turns: 11772, Time: 00:13:14

Health: -3/79      AC: 13    Str: 16    XL:     10   Next: 6%
Magic:  0/16       EV: 13    Int: 11    God:    Nemelex Xobeh [*****.]
Gold:   562        SH:  0    Dex: 15    Spells: 9/9 levels left

rFire    + . .     SeeInvis .   F - +0 war axe
rCold    . . .     Faith    +   (no shield)
rNeg     . . .     Spirit   +   J - +0 swamp dragon scales
rPois    +         Reflect  .   (no helmet)
rElec    .         Harm     .   r - +0 cloak
rCorr    .         Rampage  .   (no gloves)
MR       +....                  j - +0 pair of boots
Stlth    +.........             q - amulet of faith
HPRegen  0.23/turn              b - ring of protection from magic
MPRegen  0.30/turn              z - ring of protection from fire

@: drained
A: yellow scales 1, magic shield, magic regeneration
a: Draw Escape, Draw Destruction, Draw Summoning, Triple Draw, Deal Four, Stack
Five, Renounce Religion


You were on level 10 of the Dungeon.
You worshipped Nemelex Xobeh.
Nemelex Xobeh was extremely pleased with you.
You visited 1 branch of the dungeon, and saw 10 of its levels.

You collected 562 gold pieces.

Inventory:

Hand Weapons
 F - a +0 war axe (weapon)
 I - a +2 trident of venom
Armour
 j - a +0 pair of boots (worn)
 r - a +0 cloak (worn)
 J - +0 swamp dragon scales (worn)
Jewellery
 b - a ring of protection from magic (left hand)
 q - an amulet of faith (around neck)
 z - a ring of protection from fire (right hand)
 D - an uncursed amulet of the acrobat {unknown}
Wands
 v - a wand of random effects (8)
 B - a wand of flame (36)
 E - a wand of polymorph (13)
 H - a wand of iceblast (8)
Scrolls
 a - 2 scrolls of random uselessness {unknown}
 e - 7 scrolls of remove curse {unknown}
 f - 2 scrolls of enchant weapon {unknown}
 l - 2 scrolls of enchant armour {unknown}
 n - 9 scrolls of identify {unknown}
 p - a scroll of immolation {unknown}
 t - 3 scrolls of fog {unknown}
 y - 11 scrolls of teleportation {unknown}
 A - 2 scrolls of magic mapping {unknown}
 C - 2 scrolls of amnesia {unknown}
Potions
 c - 4 potions of flight {unknown}
 d - a potion of stabbing {unknown}
 g - 2 potions of degeneration {unknown}
 h - 3 potions of lignification {unknown}
 i - 2 potions of berserk rage {unknown}
 k - a potion of might {unknown}
 o - 3 potions of brilliance {unknown}
 s - 4 potions of curing {unknown}
 u - 3 potions of heal wounds {unknown}
 w - a potion of mutation {unknown}
Miscellaneous
 x - a lightning rod (4/4)


   Skills:
 + Level 7.6(6.8) Fighting
 + Level 7.0(6.2) Axes
 + Level 6.2(5.4) Armour
 - Level 5.0(4.3) Dodging
 - Level 1.7(1.1) Stealth
 + Level 8.6(7.8) Invocations


You had 9 spell levels left.
You didn't know any spells.
Your spell library contained the following spells:

 Spells                   Type           Power        Failure   Level
 Animate Skeleton         Necr           #.....       54%         1
 Apportation              Tloc           #.....       54%         1
 Corona                   Hex            #......      54%         1
 Summon Small Mammal      Summ           #...         54%         1
 Slow                     Hex            #.......     67%         2
 Confusing Touch          Hex            #.......     88%         3
 Gell's Gravitas          Tloc           #.........   88%         3
 Inner Flame              Hex/Fire       #.......     88%         3
 Portal Projectile        Hex/Tloc       #.....       88%         3
 Cause Fear               Hex            #.........   99%         4
 Leda's Liquefaction      Hex/Erth       #.........   99%         4
 Petrify                  Tmut/Erth      #.......     99%         4
 Metabolic Englaciation   Hex/Ice        #.........   100%        5
 Yara's Violent Unravell  Hex/Tmut       #.........   100%        5


Dungeon Overview and Level Annotations

Branches:
Dungeon (10/15)            Temple (0/1) D:7
   Lair: D:8-11         Orc: D:9-12

Altars:
Fedhas
Gozag
Hepliaklqana
Nemelex Xobeh
Okawaru
Ru
Sif Muna
Trog
Vehumet
Wu Jian
Xom
Yredelemnul
Zin
The Shining One
Beogh

Annotations:
D:3 3 runed translucent doors, Sin92's ghost, amateur MiFi


Innate Abilities, Weirdness & Mutations

You are partially covered in yellow scales. (AC +2)
When hurt, damage is shared between your health and your magic reserves.
You regenerate magic rapidly.


Message History

The bolt disappears in a puff of smoke!
You slash the boulder beetle!
The boulder beetle is heavily wounded.
Your centaur shoots an arrow.
The arrow hits the boulder beetle but does no damage.
The arrow disappears in a puff of smoke!
The boulder beetle bites you!
You hear a distant slurping noise.
Your centaur shoots an arrow.
The arrow hits the boulder beetle.
The arrow disappears in a puff of smoke!
You hit the boulder beetle but do no damage.
The boulder beetle is severely wounded.
You hit the centaur warrior simulacrum.
The boulder beetle bites you but does no damage.
The centaur warrior simulacrum hits you.
The centaur warrior simulacrum freezes you!!
* * * LOW HITPOINT WARNING * * *
The boulder beetle bites you!!
You die...
Your body glows with a rainbow of weird colours and disappears.

#.......$.#
+.........#
#.........#
#....[....#
#...).....#
#.........#
#.ZBc.....#
#..@c.....#
##'########
#...#
###'#######
#.........#
#.........#
#>........#
+.........#
#.........#


You could see a boulder beetle, a centaur warrior simulacrum, a friendly yaktaur
captain (summoned) and a friendly centaur (summoned).

Vanquished Creatures
  Maggie (D:8)
  A troll (D:9)
  Grinder (D:6)
  A human (D:9)
  A steam dragon (D:7)
  A sky beast (D:7)
  A swamp drake (D:9)
  An ice beast (D:8)
  5 ogres
  A boggart (D:8)
  2 centaurs
  2 big kobolds (D:7)
  3 bullfrogs
  A wyvern zombie (D:9)
  2 scorpions
  A wyvern skeleton (D:8)
  A killer bee (D:8)
  5 wights
  2 howler monkeys
  A bullfrog zombie (D:5)
  A centaur skeleton (D:4)
  4 orc priests
  Crazy Yiuf (D:4)
  8 hounds
  3 orc wizards
  A bullfrog skeleton (D:7)
  4 iguanas
  3 worker ants
  A hound skeleton (D:7)
  A howler monkey zombie (D:7)
  A worker ant zombie (D:5)
  A howler monkey skeleton (D:7)
  19 adders
  A shadow imp (D:6)
  A white imp (D:9)
  An ufetubus (D:8)
  3 oozes
  2 worms
  2 dart slugs
  10 leopard geckos
  26 orcs
  8 bats
  3 giant cockroaches (D:2)
  8 goblins
  4 hobgoblins
  11 jackals
  16 kobolds
  4 quokkas
  3 ball pythons
  4 frilled lizards
  2 jackal zombies
  A quokka zombie (D:8)
  7 rats
199 creatures vanquished.

Vanquished Creatures (collateral kills)
  Joseph (D:9)
  An orc warrior (D:8)
  An ogre (D:4)
  A bullfrog (D:4)
  A hound (D:4)
  An iguana (D:5)
  An adder (D:3)
  An orc (D:10)
8 creatures vanquished.

Vanquished Creatures (others)
  2 fungi (D:4)
  A withered plant (D:10)
3 creatures vanquished.

Grand Total: 210 creatures vanquished

Notes
Turn   | Place    | Note
-------+----------+-------------------------------------------
     0 | D:1      | grandjackal the Demonspawn Monk began the quest for the
                  | Orb.
     0 | D:1      | Reached XP level 1. HP: 18/18 MP: 1/1
   256 | D:1      | Gained mutation: You are partially covered in yellow
                  | scales. (AC +2) [demonic ancestry]
   256 | D:1      | Reached XP level 2. HP: 24/24 MP: 2/2
  1069 | D:2      | Reached skill level 1 in Armour
  1069 | D:2      | Reached XP level 3. HP: 29/29 MP: 3/3
  1372 | D:2      | Found a basalt altar of Yredelemnul.
  1454 | D:2      | Found a sparkling altar of Nemelex Xobeh.
  2212 | D:3      | Reached XP level 4. HP: 31/35 MP: 4/4
  2280 | D:2      | Became a worshipper of Nemelex Xobeh the Trickster
  2280 | D:2      | Reached * piety under Nemelex Xobeh
  2280 | D:2      | Received a gift from Nemelex Xobeh
  2280 | D:2      | Received a gift from Nemelex Xobeh
  2280 | D:2      | Reached ** piety under Nemelex Xobeh
  2866 | D:3      | Reached skill level 1 in Invocations
  2947 | D:3      | Reached XP level 5. HP: 26/42 MP: 4/6
  3117 | D:3      | Reached skill level 2 in Invocations
  3244 | D:3      | Noticed Terence
  3257 | D:3      | Noticed Terence
  3257 | D:3      | Terence changed into Terence the leopard gecko
  3271 | D:3      | Killed Terence the leopard gecko
  3572 | D:3      | Found a runed translucent gate.
  3572 | D:3      | Found a runed translucent gate.
  3575 | D:3      | Found a runed translucent gate.
  3575 | D:3      | Noticed Sin92's ghost (amateur MiFi)
  3575 | D:3      | Identified the cursed +0 dagger of Disarray {pain, rF+++
                  | MP-9 Str+8}
  3856 | D:3      | Found a shimmering blue altar of Sif Muna.
  4123 | D:3      | Found a roughly hewn altar of Beogh.
  4150 | D:4      | Found a transporter.
  4157 | D:4      | Reached XP level 6. HP: 33/48 MP: 7/7
  4248 | D:4      | Found a shimmering altar of Xom.
  4250 | D:4      | Found a glowing golden altar of the Shining One.
  4303 | D:4      | Received a gift from Nemelex Xobeh
  4367 | D:4      | Reached skill level 3 in Invocations
  4379 | D:4      | Reached XP level 7. HP: 55/55 MP: 9/9
  4422 | D:4      | Found a radiant altar of Vehumet.
  4804 | D:4      | Found a transporter.
  5046 | D:4      | Found a runed translucent door.
  5047 | D:4      | Noticed Crazy Yiuf
  5053 | D:4      | Killed Crazy Yiuf
  5399 | D:5      | Entered Level 5 of the Dungeon
  5437 | D:5      | Found a bloodstained altar of Trog.
  5562 | D:5      | Reached skill level 4 in Invocations
  5591 | D:5      | Reached *** piety under Nemelex Xobeh
  5591 | D:5      | Received a gift from Nemelex Xobeh
  5744 | D:5      | Reached skill level 5 in Fighting
  6256 | D:5      | Received a gift from Nemelex Xobeh
  6520 | D:6      | Noticed Grinder
  6529 | D:6      | Killed Grinder
  6529 | D:6      | Reached XP level 8. HP: 48/62 MP: 11/11
  6663 | D:6      | Reached **** piety under Nemelex Xobeh
  6673 | D:6      | Reached skill level 5 in Dodging
  6679 | D:6      | Reached skill level 5 in Invocations
  6773 | D:6      | Found an iron altar of Okawaru.
  6984 | D:7      | Reached skill level 5 in Axes
  7261 | D:7      | Received a gift from Nemelex Xobeh
  7274 | D:7      | Found an ornate altar of the Wu Jian Council.
  7287 | D:7      | Found a staircase to the Ecumenical Temple.
  7415 | D:7      | Found an opulent altar of Gozag.
  7496 | D:7      | Found a hazy altar of Hepliaklqana.
  8106 | D:7      | Received a gift from Nemelex Xobeh
  8144 | D:7      | Found a blossoming altar of Fedhas.
  8637 | D:8      | Noticed Prince Ribbit
  8638 | D:8      | Noticed Prince Ribbit
  8638 | D:8      | Prince Ribbit changed into Prince Ribbit the ogre
  8664 | D:7      | Killed Prince Ribbit the ogre
  8664 | D:7      | Reached skill level 6 in Invocations
  8811 | D:7      | Gained mutation: When hurt, damage is shared between your
                  | health and your magic reserves. [demonic ancestry]
  8811 | D:7      | Reached XP level 9. HP: 9/69 MP: 13/13
  9351 | D:8      | Reached skill level 5 in Armour
  9625 | D:8      | Noticed Maggie
  9636 | D:8      | Killed Maggie
  9636 | D:8      | Reached skill level 7 in Invocations
 10013 | D:8      | Found a glowing silver altar of Zin.
 10054 | D:8      | Noticed Psyche
 10068 | D:8      | Noticed Psyche
 10068 | D:8      | Psyche changed into Psyche the boggart
 10074 | D:8      | Killed Psyche the boggart
 10340 | D:8      | Reached ***** piety under Nemelex Xobeh
 10340 | D:8      | Received a gift from Nemelex Xobeh
 10390 | D:8      | Found a sacrificial altar of Ru.
 10506 | D:8      | Found a bloodstained altar of Trog.
 10723 | D:9      | Noticed a troll
 10736 | D:9      | a troll changed into a human
 10807 | D:9      | Noticed a troll
 10808 | D:9      | Reached skill level 8 in Invocations
 10988 | D:9      | Killed a troll
 11150 | D:9      | Gained mutation: You regenerate magic rapidly. [demonic
                  | ancestry]
 11150 | D:9      | Reached XP level 10. HP: 74/79 MP: 16/16
 11156 | D:9      | Noticed Joseph
 11173 | D:9      | Killed Joseph
 11348 | D:9      | Received a gift from Nemelex Xobeh
 11729 | D:10     | Entered Level 10 of the Dungeon
 11767 | D:10     | Noticed a boulder beetle
 11772 | D:10     | Slain by a boulder beetle

Illustrated notes

Levels and vault maps discovered:
D:1:      dpeg_arrival_arbitrary_b, layout_basic
D:2:      layout_basic, old_standard_altar, nemelex_altar_shiori,
          minmay_tiny_reverse_x
D:3:      layout_basic, led_sif_book, biasface_ghost_orc_armoury,
          hangedman_abyss_or_decor_stabs, uniq_terence
D:4:      layout_loops_ring, vehumet_crystals, gammafunk_temple_overflow_arena,
          minmay_misc_feat_pillars, uniq_crazy_yiuf_cottage
D:5:      layout_gridville, bloody_trog
D:6:      layout_rooms, okawaru_metal_pillars_1_2, uniq_grinder
D:7:      layout_gridville, marbit_many_paths, kennysheep_mini_moat,
          lemuel_crystal_altar, minmay_temple_entry_mini_moons, basic_altar
D:8:      layout_cave_pools, zin_academy, nicolae_ru_sacrificial_ziggurat,
          basic_altar, uniq_psyche, uniq_prince_ribbit1, uniq_maggie
D:9:      layout_cave_pools, uniq_joseph
D:10:     layout_roguey, serial_undead, serial_undead_d, serial_undead_b,
          serial_undead_f, serial_undead_c, minivault_29

Skill      XL: |  1  2  3  4  5  6  7  8  9 10 |
---------------+-------------------------------+-----
Dodging        | 3 4 5 |  5.0
Axes           | 3 4 5 6 7 |  7.0
Armour         | 1 2 3 4 6 |  6.2
Invocations    | 1 2 3 4 6 8 |  8.6
Fighting       | 4 5 6 7 |  7.6
Stealth        | |  1.7

Action                   |  1- 3 |  4- 6 |  7- 9 | 10-12 || total
-------------------------+-------+-------+-------+-------++-------
Melee: Hand axe          |   134 |   164 |    63 |       ||   361
       War axe           |       |       |   352 |    22 ||   374
Invok: Draw Destruction  |       |     7 |    19 |       ||    26
       Draw Summoning    |       |     1 |     4 |     2 ||     7
       Draw Escape       |       |       |     1 |       ||     1
Evoke: Wand              |       |     1 |    16 |       ||    17
 Stab: Sleeping          |     4 |     5 |     6 |       ||    15
Armor: Robe              |    35 |    51 |    37 |       ||   123
       Chain mail        |       |       |   172 |       ||   172
       Swamp dragon scal |       |       |    62 |     5 ||    67
Dodge: Dodged            |    88 |   115 |   418 |    10 ||   631

Table legend: (Time is in decaauts)
 A = Elapsed time spent in this place.
 B = Non-inter-level travel time spent in this place.
 C = Inter-level travel time spent in this place.
 D = Time resting spent in this place.
 E = Time spent auto-exploring this place.
 F = Levels seen in this place.
 G = Mean time per level.
                   A        B        C        D        E       F      G
               +--------+--------+--------+--------+--------+-----+--------+
         Total |  11911 |  11597 |    314 |   4607 |   5289 |  10 | 1191.1 |
       Dungeon |  11911 |  11597 |    314 |   4607 |   5289 |  10 | 1191.1 |
               +--------+--------+--------+--------+--------+-----+--------+

Top non-repeatable levels by time:
     D:7: 2790 daAuts
     D:3: 1936 daAuts
     D:8: 1402 daAuts
     D:4: 1257 daAuts
     D:2: 1185 daAuts
     D:1: 1064 daAuts
     D:5: 1029 daAuts
     D:9: 634 daAuts
     D:6: 567 daAuts
    D:10: 43 daAuts
